 Dungeon Crawl Stone Soup version 0.29-a0-962-gc8bbfd0a37 (webtiles) character file.

Game seed: 1273823174035170138

1988 tilp the Purveyor of Pain (level 9, -1/69 HPs)
             Began as a Mummy Necromancer on July 30, 2022.
             Was an Initiate of Kikubaaqudgha.
             Slain by a vampire mosquito (4 damage)
             ... on level 7 of the Dungeon.
             The game lasted 00:12:22 (10697 turns).

tilp the Purveyor of Pain (Mummy Necromancer)      Turns: 10697, Time: 00:12:23

Health: -1/69      AC:  5    Str: 11    XL:     9   Next: 1%
Magic:  17/17      EV: 13    Int: 25    God:    Kikubaaqudgha [......]
Gold:   178        SH:  0    Dex: 12    Spells: 11/19 levels left

rFire   x . .      SeeInvis .   b - +5 spear (freeze)
rCold   + . .      Faith    .   (no shield)
rNeg    + + +      Spirit   .   d - +0 robe
rPois   ∞          Reflect  .   y - +0 helmet
rElec   .          Harm     .   r - +0 cloak
rCorr   .          Rampage  .   x - +0 pair of gloves
Will    ++...                   (no boots)
Stlth   ++........              j - amulet of the acrobat
HPRegen 0.21/turn               f - ring of willpower
MPRegen 0.15/turn               p - +6 ring of intelligence

@: no status effects
A: cold resistance 1, negative energy resistance 3, torment resistance 2, heat
vulnerability 1, in touch with death 1, no potions
a: Renounce Religion


You were on level 7 of the Dungeon.
You worshipped Kikubaaqudgha.
Kikubaaqudgha was noncommittal.
You visited 2 branches of the dungeon, and saw 9 of its levels.

You collected 358 gold pieces.
You spent 180 gold pieces at shops.

Inventory:

Hand Weapons
 a - a +2 trident of venom
 b - a +5 spear of freezing (weapon)
 s - a +1 hand axe of electrocution
 z - a +3 quarterstaff of chaos
Missiles
 c - 41 stones
 l - 3 poisoned darts (quivered)
 u - 4 javelins
Armour
 d - a +0 robe (worn)
 r - a +0 cloak (worn)
 x - a +0 pair of gloves (worn)
 y - a +0 helmet (worn)
Magical Staves
 e - a staff of death
Jewellery
 f - a ring of willpower (left hand)
 j - an amulet of the acrobat (around neck)
 p - a +6 ring of intelligence (right hand)
 w - an amulet of guardian spirit
Scrolls
 g - 4 scrolls of poison
 h - 3 scrolls of immolation
 i - 3 scrolls of enchant weapon
 k - 2 scrolls of teleportation
 m - 2 scrolls of vulnerability
 n - 3 scrolls of fear
 o - a scroll of acquirement {unknown}
 q - a scroll of silence {unknown}
 t - a scroll of summoning {unknown}
 v - a scroll of enchant armour {unknown}


   Skills:
 * Level 6.2 Fighting
 + Level 3.6 Dodging
 - Level 2.0 Stealth
 + Level 5.8 Spellcasting
 * Level 8.8 Necromancy


You had 11 spell levels left.
You knew the following spells:

 Your Spells              Type           Power      Damage    Failure   Level
a - Necrotise             Necr           100%       1d9       1%          1
b - Vampiric Draining     Necr           67%        2d10      1%          3
c - Animate Dead          Necr           67%        N/A       1%          4

Your spell library contained the following spells:

 Spells                   Type           Power      Damage    Failure   Level
 Agony                    Necr           67%        N/A       5%          5
 Apportation              Tloc           14%        N/A       8%          1
 Summon Small Mammal      Summ           28%        N/A       8%          1
 Blink                    Tloc           14%        N/A       12%         2
 Static Discharge         Conj/Air       7%         3-4/arc   12%         2
 Lesser Beckoning         Tloc           7%         N/A       22%         3
 Fireball                 Conj/Fire      3%         3d4       91%         5
 Iskenderun's Battlesphe  Conj           7%         2d6       91%         5
 Lightning Bolt           Conj/Air       3%         1d15      91%         5
 Manifold Assault         Tloc           7%         N/A       91%         5
 Conjure Ball Lightning   Conj/Air       3%         3x3d6     100%        6
 Orb of Destruction       Conj           3%         9d5       100%        7
 Maxwell's Capacitive Co  Air            3%         ∞         100%        8


Dungeon Overview and Level Annotations

Branches:
Dungeon (8/15)             Temple (1/1) D:7
   Lair: D:8-11

Altars:
Ashenzari
Cheibriados
Dithmenos
Fedhas
Gozag
Hepliaklqana
Kikubaaqudgha
Makhleb
Nemelex Xobeh
Okawaru
Qazlal
Ru
Sif Muna
Trog
Uskayaw
Vehumet
Wu Jian
Xom
Yredelemnul

Shops:
D:7 [   D:8 *

Annotations:
D:3 Sigmund
D:6 Grinder


Innate Abilities, Weirdness & Mutations

You are immune to poison.
Your flesh is cold resistant. (rC+)
You are immune to negative energy. (rN+++)
You are immune to unholy pain and torment.
You are vulnerable to heat. (rF-)
You are in touch with the powers of death.
You do not drink.


Message History

You barely miss the vampire mosquito. The vampire mosquito bites you! x2
The vampire mosquito bites you but does no damage.
You are too injured to fight recklessly!
You are too injured to fight recklessly!
You are too injured to fight recklessly!
You miss the vampire mosquito. The vampire mosquito barely misses you.
The vampire mosquito bites you!
You puncture the vampire mosquito!
The vampire mosquito is moderately damaged.
The vampire mosquito bites you but does no damage.
The vampire mosquito bites you!
* * * LOW HITPOINT WARNING * * *
You closely miss the vampire mosquito.
The vampire mosquito is moderately damaged.
The vampire mosquito bites you.
* * * LOW HITPOINT WARNING * * *
The vampire mosquito barely misses you.
The vampire mosquito closely misses you.
Your +2 trident of venom stops dripping with poison.
Your +5 spear of freezing glows with a cold blue light!
b - a +5 spear of freezing (weapon)
The vampire mosquito misses you.
You hit the vampire mosquito. You freeze the vampire mosquito.
The vampire mosquito is heavily damaged.
The vampire mosquito closely misses you.
The vampire mosquito bites you but does no damage.
You miss the vampire mosquito.
The vampire mosquito is heavily damaged.
The vampire mosquito barely misses you. The vampire mosquito bites you!
* * * LOW HITPOINT WARNING * * *
You miss the vampire mosquito.
The vampire mosquito is heavily damaged.
The vampire mosquito closely misses you.
The vampire mosquito bites you.
* * * LOW HITPOINT WARNING * * *
You barely miss the vampire mosquito.
The vampire mosquito is heavily damaged.
The vampire mosquito bites you.
You die...
Kikubaaqudgha rasps: "You have failed me!
Welcome... oblivion!"

#....##.............##
##.........##.......##
####)...####.........#
.##....##.###.......##
.....#....#.#....####
....###..........#
##........#......#
......##..#......#
....>[.##.......@##
..........#......y#
..#.#....#####...##
..###..### #..##
..##...# #### .....###
.#..## ###.# ###


You could see a vampire mosquito.

Vanquished Creatures
  An acid dragon (D:8)
  3 black bears
  An orc warrior (D:6)
  2 ice beasts (D:7)
  An ogre (D:5)
  A centaur (D:7)
  A phantom (D:7)
  Blork the orc (D:5)
  3 scorpions
  A wight (D:7)
  3 howler monkeys
  3 hounds (D:5)
  5 orc priests
  A jelly (D:6)
  Crazy Yiuf (D:4)
  Natasha (thrice) (D:2)
  An iguana (D:5)
  An orc wizard (D:3)
  6 adders
  6 gnolls
  2 white imps
  6 dart slugs
  26 orcs
  4 ball pythons
  6 endoplasms
  A giant cockroach (D:1)
  3 goblins
  9 hobgoblins
  6 jackals (D:1)
  5 kobolds
  2 quokkas
  4 bats
  5 frilled lizards
  3 rats
127 creatures vanquished.

Vanquished Creatures (collateral kills)
  A gnoll (D:4)
  An orc (D:6)
  A hobgoblin (D:3)
  2 goblins (D:3)
5 creatures vanquished.

Vanquished Creatures (others)
  7 plants (D:7)
7 creatures vanquished.

Grand Total: 139 creatures vanquished

Notes
Turn   | Place    | Note
-------+----------+-------------------------------------------
     0 | D:1      | tilp the Mummy Necromancer began the quest for the Orb.
     0 | D:1      | Reached XP level 1. HP: 13/13 MP: 4/4
   456 | D:1      | Reached XP level 2. HP: 20/20 MP: 2/5
   499 | D:1      | Found a faded altar of an unknown god.
   581 | D:1      | Reached skill level 1 in Fighting
  1313 | D:1      | Gained mutation: You are in touch with the powers of death.
                  | [Mummy growth]
  1313 | D:1      | Reached XP level 3. HP: 21/26 MP: 3/7
  1317 | D:1      | Learned a level 3 spell: Vampiric Draining
  1872 | D:2      | Noticed Natasha
  1878 | D:2      | Killed Natasha
  2102 | D:2      | Reached XP level 4. HP: 33/33 MP: 6/8
  2135 | D:2      | Noticed Natasha
  2166 | D:2      | Killed Natasha
  2324 | D:2      | Noticed Natasha
  2331 | D:2      | Killed Natasha
  2332 | D:2      | Reached skill level 5 in Necromancy
  2978 | D:3      | Found a burning altar of Makhleb.
  3129 | D:3      | Reached XP level 5. HP: 38/38 MP: 4/9
  3288 | D:3      | Reached skill level 6 in Necromancy
  3635 | D:3      | Noticed Sigmund
  4240 | D:3      | Learned a level 4 spell: Animate Dead
  4523 | D:4      | Reached XP level 6. HP: 16/45 MP: 0/10
  5446 | D:4      | Found a runed translucent door.
  5447 | D:4      | Noticed Crazy Yiuf
  5730 | D:4      | Found a radiant altar of Vehumet.
  5912 | D:5      | Entered Level 5 of the Dungeon
  6136 | D:5      | Reached XP level 7. HP: 52/52 MP: 6/12
  6515 | D:5      | Reached skill level 7 in Necromancy
  6603 | D:5      | Noticed Blork the orc
  6608 | D:5      | Killed Blork the orc
  7339 | D:4      | Killed Crazy Yiuf
  7702 | D:6      | Reached XP level 8. HP: 46/61 MP: 9/15
  7856 | D:6      | Reached skill level 5 in Fighting
  7856 | D:6      | Reached skill level 5 in Spellcasting
  8700 | D:6      | Reached skill level 8 in Necromancy
  8795 | D:6      | Noticed Grinder
  9638 | D:7      | Found a staircase to the Ecumenical Temple.
  9653 | Temple   | Entered the Ecumenical Temple
  9935 | Temple   | Became a worshipper of Kikubaaqudgha
  9990 | D:7      | Found Ihomyt's Antique Armour Shoppe.
  9998 | D:7      | Bought a pair of gloves for 90 gold pieces
  9998 | D:7      | Bought a helmet for 90 gold pieces
 10466 | D:8      | Found Zeteus's Gadget Gallery.
 10514 | D:7      | Reached XP level 9. HP: 36/69 MP: 14/17
 10696 | D:7      | HP: 3/69 [vampire mosquito (5)]
 10697 | D:7      | Slain by a vampire mosquito

Illustrated notes

Levels and vault maps discovered:
D:1:      scummos_arrival_star, layout_basic, ebering_ecumenical_altar_mist
D:2:      layout_basic, uniq_natasha
D:3:      layout_loops_ring, lemuel_tele_altar, minmay_goblin_kobold_house,
          uniq_sigmund
D:4:      layout_basic, general_overflow_altar, mainiacjoe_overflow_alcove_4,
          minivault_11, uniq_crazy_yiuf_cottage
D:5:      layout_gridville, grunt_ministairs_1, uniq_blork_the_orc
D:6:      layout_cave_pods, uniq_grinder
D:7:      layout_cave_pools, minmay_temple_entry_proselytizer, serial_shops,
          nicolae_shop_overgrown_old_shop
D:8:      layout_layer_cave, nicolae_shop_gadgets
Temple:   compressed_dpeg_triangle_lava_temple

Skill      XL: |  1  2  3  4  5  6  7  8 |
---------------+-------------------------+-----
Fighting       | 1 2 3 4 6 |  6.2
Spellcasting   | 3 4 5 |  5.8
Dodging        | 2 3 |  3.6
Stealth        | 2 |  2.0
Necromancy     | 5 6 7 8 |  8.8

Action                   |  1- 3 |  4- 6 |  7- 9 || total
-------------------------+-------+-------+-------++-------
Melee: Short sword       |    19 |       |       ||    19
       Unarmed           |     3 |       |       ||     3
       Trident           |       |    14 |    50 ||    64
       Punch             |       |       |     1 ||     1
       Spear             |       |       |     4 ||     4
Throw: Dart              |       |     9 |     3 ||    12
       Javelin           |       |       |     2 ||     2
 Cast: Necrotise         |    60 |   114 |   117 ||   291
       Vampiric Draining |       |       |    24 ||    24
  Use: Scroll            |     1 |     6 |       ||     7
Armor: Robe              |     4 |     4 |    18 ||    26
Dodge: Dodged            |    27 |    20 |    75 ||   122

Table legend: (Time is in decaauts)
 A = Elapsed time spent in this place.
 B = Non-inter-level travel time spent in this place.
 C = Inter-level travel time spent in this place.
 D = Time resting spent in this place.
 E = Time spent auto-exploring this place.
 F = Levels seen in this place.
 G = Mean time per level.
                   A        B        C        D        E       F      G
               +--------+--------+--------+--------+--------+-----+--------+
         Total |  10721 |  10134 |    587 |   1249 |   7687 |   9 | 1191.2 |
       Dungeon |  10423 |   9875 |    548 |   1249 |   7441 |   8 | 1302.9 |
        Temple |    297 |    258 |     39 |      0 |    246 |   1 |  297.0 |
               +--------+--------+--------+--------+--------+-----+--------+

Top non-repeatable levels by time:
     D:4: 1781 daAuts
     D:1: 1756 daAuts
     D:5: 1752 daAuts
     D:6: 1409 daAuts
     D:3: 1391 daAuts
     D:7: 1165 daAuts
     D:2: 1105 daAuts
  Temple: 297 daAuts
     D:8: 61 daAuts
